 Dungeon Crawl Stone Soup version 0.28-a0-178-ga708605c5b (webtiles) character file.

Game seed: 13938876039053621091

71 Spaninq the Insei (level 4, -4/29 HPs)
             Began as an Octopode Transmuter on Aug 17, 2021.
             Slain by a wyvern skeleton (11 damage)
             ... on level 3 of the Dungeon.
             The game lasted 00:06:10 (3433 turns).

Spaninq the Insei (Octopode Transmuter)             Turns: 3433, Time: 00:06:11

Health: -4/29      AC:  1    Str: 10    XL:     4   Next: 24%
Magic:  6/7        EV: 13    Int: 15    God:
Gold:   64         SH:  0    Dex: 12    Spells: 4/7 levels left

rFire   . . .      SeeInvis .     - Unarmed
rCold   . . .      Faith    .   (no shield)
rNeg    . . .      Spirit   .   (helmet currently unavailable)
rPois   .          Reflect  .   (no amulet)
rElec   .          Harm     .   (no ring)
rCorr   .          Rampage  .   (no ring)
Will    .....                   (no ring)
Stlth   ++........              (no ring)
HPRegen 0.09/turn               (no ring)
MPRegen 0.10/turn               (no ring)
                                (no ring)
                                (no ring)

@: appendages (expiring)
A: tentacle spike 3, almost no armour, amphibious, 8 rings, camouflage 1,
gelatinous body 1, (nimble swimmer 1), tentacles
a: End Transformation


You were on level 3 of the Dungeon.
One of your tentacles had grown a beastly spike.
You visited 1 branch of the dungeon, and saw 3 of its levels.

You collected 64 gold pieces.

Inventory:

Hand Weapons
 f - a +2 antimagic falchion
Armour
 d - a +1 hat (melded)
Scrolls
 a - a scroll of magic mapping {unknown}
 h - a scroll of fear {unknown}
 i - a scroll of enchant weapon {unknown}
 j - a scroll of teleportation {unknown}
Potions
 b - 2 potions of curing {unknown}
 c - a potion of brilliance {unknown}
 e - a potion of haste {unknown}
 g - a potion of magic {unknown}
 k - a potion of ambrosia {unknown}


   Skills:
 + Level 1.8 Fighting
 + Level 2.5 Dodging
 * Level 3.7 Unarmed Combat
 + Level 2.3 Spellcasting
 + Level 2.5 Transmutations


You had 4 spell levels left.
You knew the following spells:

 Your Spells              Type           Power      Damage    Failure   Level
a - Beastly Appendage     Tmut           18%        N/A       8%          1
b - Wereblood             Tmut           9%         N/A       12%         2

Your spell library contained the following spells:

 Spells                   Type           Power      Damage    Failure   Level
 Foxfire                  Conj/Fire      4%         2x1d4     22%         1
 Spider Form              Tmut/Pois      2%         N/A       36%         3
 Conjure Flame            Conj/Fire      1%         6-21      54%         3
 Gell's Gravitas          Tloc           0%         N/A       54%         3
 Inner Flame              Hex/Fire       1%         N/A       54%         3
 Teleport Other           Tloc           1%         N/A       54%         3
 Ice Form                 Ice/Tmut       5%         N/A       77%         4
 Dispersal                Tloc           0%         N/A       100%        6


Dungeon Overview and Level Annotations

Branches:
Dungeon (3/15)

Altars:


Innate Abilities, Weirdness & Mutations

One of your tentacles has grown a beastly spike.
You cannot wear most types of armour.
You are amphibious.
You can wear up to eight rings at the same time.
Your skin changes colour to match your surroundings (Stealth+).
Your rubbery body absorbs attacks. (AC +1, EV +1)
((You are camouflaged near water. (Stealth+)))
You have tentacles for arms and can constrict up to eight enemies at once.


Message History

One of your tentacles grows a vicious spike.
Your +1 hat melds into your body.
The bat hits you. The bat closely misses you.
You closely miss the bat. You grab the bat. You tentacle-slap the bat.
You kill the bat!
Your transformation is almost over.
Magic restored.
You see here a +0 falchion.
Your tentacle spike disappears.
Your +1 hat unmelds from your body.
A wyvern skeleton comes into view.
Found a stone staircase leading down.
Casting: Beastly Appendage (safe; 8% risk of failure)
Confirm with . or Enter, or press ? or * to list all spells.
One of your tentacles grows a vicious spike.
Your +1 hat melds into your body.
The wyvern skeleton bites you! The wyvern skeleton barely misses you.
You tentacle-slap the wyvern skeleton.
You pierce the wyvern skeleton.
The wyvern skeleton is lightly damaged.
The wyvern skeleton bites you.
You tentacle-slap the wyvern skeleton.
The wyvern skeleton is moderately damaged.
The wyvern skeleton closely misses you.
You tentacle-slap the wyvern skeleton but do no damage.
You pierce the wyvern skeleton.
The wyvern skeleton is moderately damaged.
The wyvern skeleton closely misses you. The wyvern skeleton barely misses you.
You tentacle-slap the wyvern skeleton.
The wyvern skeleton is heavily damaged.
The wyvern skeleton barely misses you.
You tentacle-slap the wyvern skeleton.
You pierce the wyvern skeleton, but do no damage.
You squeeze the wyvern skeleton.
The wyvern skeleton is severely damaged.
Your transformation is almost over.
The wyvern skeleton bites you!
* * * LOW HITPOINT WARNING * * *
You tentacle-slap the wyvern skeleton.
The wyvern skeleton is almost destroyed.
The wyvern skeleton bites you!
You die...

#### ## #.> .. #Z# #.
######@####.###
#........##.#.####
#.####.#.#..<#...# #.#
#.#....###..# #.#
#.......#.#.##### ##.##
#####.##......).##
##...##### #.#####.###...
#........# #.#####.......
#......#.###.............


You could see a wyvern skeleton.

Vanquished Creatures
  2 adders
  2 dart slugs (D:1)
  8 bats
  6 endoplasms
  3 giant cockroaches
  2 goblins
  5 hobgoblins
  5 kobolds
  2 quokkas
  3 ball pythons
  A frilled lizard (D:1)
  3 rats
42 creatures vanquished.

Notes
Turn   | Place    | Note
-------+----------+-------------------------------------------
     0 | D:1      | Spaninq the Octopode Transmuter began the quest for the
                  | Orb.
     0 | D:1      | Reached XP level 1. HP: 13/13 MP: 3/3
   287 | D:1      | Reached XP level 2. HP: 14/18 MP: 3/5
   725 | D:1      | Learned a level 2 spell: Wereblood
  1354 | D:1      | Reached XP level 3. HP: 14/23 MP: 3/6
  2120 | D:2      | Found a faded altar of an unknown god.
  3036 | D:2      | Reached XP level 4. HP: 29/29 MP: 5/7
  3433 | D:3      | Slain by a wyvern skeleton

Illustrated notes

Levels and vault maps discovered:
D:1:      dpeg_arrival_rooms_c, layout_basic, dk_noncrumbling_3,
          supply_closet_lemuel
D:2:      layout_loops_ring, ebering_ecumenical_altar_ruins
D:3:      layout_loops_cross, uniq_terence

Action                   |  1- 3 |  4- 6 || total
-------------------------+-------+-------++-------
Melee: Unarmed           |    98 |    18 ||   116
       Constrict         |    21 |     3 ||    24
       Tentacles         |     9 |     2 ||    11
       Kick              |    15 |     4 ||    19
       Punch             |     1 |     1 ||     2
 Cast: Beastly Appendage |    31 |     4 ||    35
 Stab: Sleeping          |     5 |       ||     5
Armor: Skin              |    15 |     1 ||    16
Dodge: Dodged            |    81 |    11 ||    92

Table legend: (Time is in decaauts)
 A = Elapsed time spent in this place.
 B = Non-inter-level travel time spent in this place.
 C = Inter-level travel time spent in this place.
 D = Time resting spent in this place.
 E = Time spent auto-exploring this place.
 F = Levels seen in this place.
 G = Mean time per level.
                   A        B        C        D        E       F      G
               +--------+--------+--------+--------+--------+-----+--------+
         Total |   3425 |   3341 |     84 |    730 |   2230 |   3 | 1141.7 |
       Dungeon |   3425 |   3341 |     84 |    730 |   2230 |   3 | 1141.7 |
               +--------+--------+--------+--------+--------+-----+--------+

Top non-repeatable levels by time:
     D:1: 1805 daAuts
     D:2: 1318 daAuts
     D:3: 301 daAuts
